 Dungeon Crawl Stone Soup version 0.27-a0-577-ge2a43ba0c9 (webtiles) character file.

Game seed: 4627149180373113219

181 Azunone the Magician (level 5, -3/41 HPs)
             Began as a Gnoll Wanderer on Mar 9, 2021.
             Slain by an ice beast (10 damage)
             ... on level 3 of the Dungeon.
             The game lasted 00:09:22 (3401 turns).

Azunone the Magician (Gnoll Wanderer)               Turns: 3401, Time: 00:09:22

Health: -3/41      AC:  6    Str: 12    XL:     5   Next: 61%
Magic:  0/12       EV: 10    Int: 20    God:
Gold:   189        SH:  0    Dex:  9    Spells: 14/14 levels left

rFire    . . .     SeeInvis .   r - +2 short sword (elec)
rCold    . . .     Faith    .   (no shield)
rNeg     . . .     Spirit   +   c - +0 ring mail
rPois    +         Reflect  .   (no helmet)
rElec    .         Harm     .   p - scarf {shadows}
rCorr    .         Rampage  .   (no gloves)
Will     .....                  (no boots)
Stlth    +.........             e - amulet of guardian spirit
HPRegen  0.13/turn              l - ring of poison resistance
MPRegen  0.13/turn              n - +6 ring of intelligence

@: no status effects
A: fangs 1, strong nose, distributed training
a: no special abilities


You were on level 3 of the Dungeon.
You visited 1 branch of the dungeon, and saw 4 of its levels.

You collected 189 gold pieces.

Inventory:

Hand Weapons
 a - a +2 shortbow
 b - a +0 hand axe
 q - a +1 long sword of holy wrath
 r - a +2 short sword of electrocution (weapon)
Missiles
 d - 11 arrows
 t - 9 poisoned darts
 u - 2 atropa-tipped darts (quivered)
Armour
 c - a +0 ring mail (worn)
 p - a scarf of shadows (worn)
Jewellery
 e - an amulet of guardian spirit (around neck)
 l - a ring of poison resistance (left hand)
 n - a +6 ring of intelligence (right hand)
 s - an amulet of faith
Scrolls
 f - 2 scrolls of enchant armour {unknown}
 g - a scroll of fog {unknown}
 h - 2 scrolls of teleportation {unknown}
 k - 4 scrolls of identify {unknown}
Potions
 i - a potion of flight {unknown}
 j - 2 potions of brilliance {unknown}
 o - a potion of heal wounds {unknown}


   Skills:
 + Level 3.0 Fighting
 + Level 1.5 Short Blades
 + Level 1.5 Long Blades
 + Level 1.5 Axes
 + Level 1.5 Maces & Flails
 + Level 1.5 Polearms
 + Level 1.5 Staves
 + Level 1.5 Slings
 + Level 4.8 Bows
 + Level 1.5 Crossbows
 + Level 1.5 Throwing
 + Level 4.8 Armour
 + Level 1.5 Dodging
 + Level 2.8 Stealth
 + Level 1.5 Shields
 + Level 1.5 Unarmed Combat
 + Level 5.2 Spellcasting
 + Level 1.2 Conjurations
 + Level 1.2 Hexes
 + Level 1.2 Summonings
 + Level 1.2 Necromancy
 + Level 1.2 Translocations
 + Level 1.2 Transmutations
 + Level 1.2 Fire Magic
 + Level 1.2 Ice Magic
 + Level 2.4 Air Magic
 + Level 1.2 Earth Magic
 + Level 1.2 Poison Magic
 + Level 1.7 Invocations
 + Level 3.0 Evocations


You had 14 spell levels left.
You didn't know any spells.
Your spell library was empty.

Dungeon Overview and Level Annotations

Branches:
Dungeon (4/15)
 Temple: D:4-7

Altars:
Cheibriados
Sif Muna


Innate Abilities, Weirdness & Mutations

You have very sharp teeth.
Your uncanny sense of smell can sniff out nearby items.
Your experience applies equally to all skills.


Message History

You are too injured to fight recklessly!
You hit the ice beast. Your bite misses the ice beast.
The ice beast is severely wounded.
The ice beast hits you.
* * * LOW HITPOINT WARNING * * *
The ice beast freezes you!
* * * LOW HITPOINT WARNING * * *
You feel better.
The ice beast hits you but does no damage.
You feel better. The ice beast hits you. The ice beast freezes you!
* * * LOW HITPOINT WARNING * * *
The ice beast closely misses you.
You see here a +0 hand axe.
There is a stone staircase leading up here.
You can't go down here!
The ice beast barely misses you.
You climb upwards.
There is a stone staircase leading down here.
What are your orders? t - Bark!
Orders for allies: a - Attack new target. r - Retreat! s - Stop attacking. g - Guard the area. f - Follow me.
Anything else - Cancel.
Okay, then.
Throw: 9 darts (poison)
Press: ? - help, Q - select action, (/) - cycle Shift-Dir - straight line, f - ice beast
Aim: an ice beast (heavily wounded, 54% to hit)
Okay, then.
Okay, then.
Unknown command.
Throw: 3 darts (atropa)
Press: ? - help, Q - select action, (/) - cycle Shift-Dir - straight line, f - ice beast
Aim: an ice beast (heavily wounded, 54% to hit, chance to blind on hit: 58%)
You throw an atropa-tipped dart.
The atropa-tipped dart barely misses the ice beast.
The ice beast hits you.
* * * LOW HITPOINT WARNING * * *
The ice beast freezes you!
You die...

.........# #.# #.##.##
##.###...#####.### #.##.## #.#
##.)........# #.##.## #.#
#.######.#.# #.##.## #.####.#
#.#.#### #.##.## #....#.#
#......# #.##.## ####.#.#
###.##.#######.##... #.#.#
#.##.##......##### #.#.###
###@##.##.########.. #.#...#
#...Y..##..........#
#.###.####.#.#..............#
##<###............#.#######.##
##.#.#######.#.#.#(#.# #.#
##.###.######.....#.#.# #.#
##.## ##.....###.###.#.#####
#)# ....###...##.# #.#
#.......###.## ####.#.##.##.#
#.# ###.###.......


You could see an ice beast.

Vanquished Creatures
  A hound (D:4)
  An orc priest (D:2)
  4 adders
  2 oozes (D:2)
  2 worms (D:2)
  A dart slug (D:2)
  2 leopard geckos (D:1)
  7 orcs
  2 giant cockroaches (D:4)
  9 hobgoblins
  4 jackals (D:2)
  7 kobolds
  A quokka (D:3)
  A ball python (D:1)
  3 bats
  4 frilled lizards
  5 goblins
  3 rats (D:1)
59 creatures vanquished.

Notes
Turn   | Place    | Note
-------+----------+-------------------------------------------
     0 | D:1      | Azunone the Gnoll Wanderer began the quest for the Orb.
     0 | D:1      | Azunone set off with the following items: a +2 shortbow, 19
                  | arrows, a +0 ring mail, a potion of curing
     0 | D:1      | Reached XP level 1. HP: 17/17 MP: 6/6
   150 | D:1      | Reached XP level 2. HP: 22/23 MP: 7/7
   480 | D:1      | Reached XP level 3. HP: 28/28 MP: 9/9
   639 | D:2      | Reached skill level 5 in Spellcasting
   735 | D:2      | Reached skill level 1 in Short Blades
   735 | D:2      | Reached skill level 1 in Long Blades
   735 | D:2      | Reached skill level 1 in Axes
   735 | D:2      | Reached skill level 1 in Maces & Flails
   735 | D:2      | Reached skill level 1 in Polearms
   735 | D:2      | Reached skill level 1 in Staves
   735 | D:2      | Reached skill level 1 in Slings
   735 | D:2      | Reached skill level 1 in Crossbows
   735 | D:2      | Reached skill level 1 in Throwing
   735 | D:2      | Reached skill level 1 in Dodging
   735 | D:2      | Reached skill level 1 in Shields
   735 | D:2      | Reached skill level 1 in Unarmed Combat
   735 | D:2      | Reached skill level 1 in Invocations
   735 | D:2      | Reached XP level 4. HP: 17/34 MP: 11/11
   915 | D:2      | Found a snail-covered altar of Cheibriados.
  1036 | D:2      | Reached skill level 1 in Conjurations
  1036 | D:2      | Reached skill level 1 in Hexes
  1036 | D:2      | Reached skill level 1 in Summonings
  1036 | D:2      | Reached skill level 1 in Necromancy
  1036 | D:2      | Reached skill level 1 in Translocations
  1036 | D:2      | Reached skill level 1 in Transmutations
  1036 | D:2      | Reached skill level 1 in Fire Magic
  1036 | D:2      | Reached skill level 1 in Ice Magic
  1036 | D:2      | Reached skill level 1 in Earth Magic
  1036 | D:2      | Reached skill level 1 in Poison Magic
  1792 | D:2      | Reached XP level 5. HP: 39/40 MP: 12/12
  2312 | D:2      | Found a shimmering blue altar of Sif Muna.
  3352 | D:4      | Noticed an ice beast
  3401 | D:3      | Slain by an ice beast

Illustrated notes

Levels and vault maps discovered:
D:1:      dpeg_arrival_orchard, layout_basic
D:2:      layout_rooms, old_standard_altar, moated_statue, lemuel_blue_sif_altar
D:3:      layout_loops_ring
D:4:      layout_rooms, lemuel_coloured_pillars_altar,
          minmay_temple_entry_junction

Skill      XL: |  1  2  3  4  5 |
---------------+----------------+-----
Air Magic      | 2 |  2.4
Spellcasting   | 5 |  5.2
Short Blades   | 1 |  1.5
Long Blades    | 1 |  1.5
Axes           | 1 |  1.5
Maces & Flails | 1 |  1.5
Polearms       | 1 |  1.5
Staves         | 1 |  1.5
Slings         | 1 |  1.5
Crossbows      | 1 |  1.5
Throwing       | 1 |  1.5
Dodging        | 1 |  1.5
Shields        | 1 |  1.5
Unarmed Combat | 1 |  1.5
Invocations    | 1 |  1.7
Conjurations   | 1 |  1.2
Hexes          | 1 |  1.2
Summonings     | 1 |  1.2
Necromancy     | 1 |  1.2
Translocations | 1 |  1.2
Transmutations | 1 |  1.2
Fire Magic     | 1 |  1.2
Ice Magic      | 1 |  1.2
Earth Magic    | 1 |  1.2
Poison Magic   | 1 |  1.2
Fighting       | 3 |  3.0
Evocations     | 3 |  3.0
Bows           | |  4.8
Armour         | |  4.8
Stealth        | |  2.8

Action                   |  1- 3 |  4- 6 || total
-------------------------+-------+-------++-------
Melee: Hand axe          |    13 |   137 ||   150
       Bite              |     1 |    16 ||    17
       Short sword       |       |    18 ||    18
       Long sword        |       |    13 ||    13
       Punch             |       |     1 ||     1
 Fire: Shortbow          |    60 |       ||    60
Throw: Dart              |       |     1 ||     1
  Use: Potion            |     1 |     3 ||     4
Armor: Ring mail         |     4 |   102 ||   106
Dodge: Dodged            |    21 |   132 ||   153
       Rpst.: Long sword |       |     3 ||     3

Table legend: (Time is in decaauts)
 A = Elapsed time spent in this place.
 B = Non-inter-level travel time spent in this place.
 C = Inter-level travel time spent in this place.
 D = Time resting spent in this place.
 E = Time spent auto-exploring this place.
 F = Levels seen in this place.
 G = Mean time per level.
                   A        B        C        D        E       F      G
               +--------+--------+--------+--------+--------+-----+--------+
         Total |   3448 |   3122 |    326 |      0 |   2542 |   4 |  862.0 |
       Dungeon |   3448 |   3122 |    326 |      0 |   2542 |   4 |  862.0 |
               +--------+--------+--------+--------+--------+-----+--------+

Top non-repeatable levels by time:
     D:2: 1523 daAuts
     D:1: 1007 daAuts
     D:3: 828 daAuts
     D:4: 88 daAuts
